 Dungeon Crawl Stone Soup version 0.24.0-13-gcf9b319 (webtiles) character file.

Game seed: 4506203860352513865, levelgen mode: deterministic

246 Fang the Skirmisher (level 6, -2/39 HPs)
             Began as a Gargoyle Berserker on Dec 13, 2019.
             Was a Believer of Trog.
             Slain by a wight
             ... wielding a +1 long sword
              (9 damage)
             ... on level 3 of the Dungeon.
             The game lasted 00:03:15 (2786 turns).

Fang the Skirmisher (Gargoyle Berserker)            Turns: 2786, Time: 00:03:16

Health: -2/39      AC:  7    Str: 23    XL:     6   Next: 11%
Magic:  6/6        EV: 12    Int:  7    God:    Trog [**....]
Gold:   155        SH:  0    Dex:  9    Spells: 5/5 levels left

rFire    . . .     SeeInvis .   a - +0 hand axe
rCold    . . .     Gourm    .   (no shield)
rNeg     + . .     Faith    .   b - +0 leather armour
rPois    ∞         Spirit   .   (no helmet)
rElec    +         Reflect  .   (no cloak)
rCorr    .         Harm     .   (no gloves)
MR       .....                  (no boots)
Stlth    +.........             (no amulet)
HPRegen  0.13/turn              (no ring)
MPRegen  0.10/turn              (no ring)

@: berserk cooldown, slowed, very slow
A: negative energy resistance 1, electricity resistance, unbreathing,
petrification resistance, rot immunity, AC +4
a: Berserk, Trog's Hand, Renounce Religion


You were on level 3 of the Dungeon.
You worshipped Trog.
Trog was pleased with you.
You were hungry.

You visited 1 branch of the dungeon, and saw 3 of its levels.

You collected 155 gold pieces.

Inventory:

Hand Weapons
 a - a +0 hand axe (weapon)
Armour
 b - a +0 leather armour (worn)
Wands
 l - a wand of flame (14)
Scrolls
 d - 3 scrolls of remove curse {unknown}
 e - a scroll of teleportation {unknown}
 f - a scroll of blinking {unknown}
 i - 4 scrolls of identify {unknown}
 j - a scroll of enchant weapon {unknown}
 m - 3 scrolls of noise {unknown}
 o - a scroll of magic mapping {unknown}
 r - a scroll of fear {unknown}
Potions
 g - a potion of curing {unknown}
 h - 2 potions of resistance {unknown}
 k - 2 potions of heal wounds {unknown}
 n - a potion of magic {unknown}
 p - a potion of might {unknown}
 q - a potion of berserk rage {unknown}
Comestibles
 c - 7 rations
 s - a chunk of flesh


   Skills:
 + Level 4.6 Fighting
 + Level 3.7 Axes
 + Level 3.8 Armour
 + Level 2.8 Dodging


You had 5 spell levels left.
You didn't know any spells.
Your spell library was empty.

Dungeon Overview and Level Annotations

Branches:
Dungeon (3/15)

Altars:
Makhleb


Innate Abilities, Weirdness & Mutations

You are resistant to torment.
Your stone body is resilient. (AC +4)
You are immune to poison.
You resist negative energy. (rN+)
You are resistant to electric shocks. (rElec)
You can survive without breathing.
You are immune to petrification.
You are immune to rotting.


Message History

You are too injured to fight recklessly!
You are too injured to fight recklessly!
You are too injured to fight recklessly!
Things that are here:
a +0 long sword; a +0 robe You feel your anger nearly subside.
You are no longer berserk.
You are exhausted.
You feel yourself slow down.
You hit the wight but do no damage.
The wight hits you with a +1 long sword.
* * * LOW HITPOINT WARNING * * *
You hit the wight.
The wight is lightly damaged.
The wight completely misses you.
The wight hits you with a +1 long sword.
* * * LOW HITPOINT WARNING * * *
You hit the wight.
The wight is moderately damaged.
The wight hits you with a +1 long sword!
You die...

#.#.....## #.#####..###
## #...# ####.## .# ###.#
....## .# #.# #....## .#
#.# #.....### .# #.#
#........ .# #.# #z....#
.# #.# #@...# .# #.#.
#..### .#### #.#.#
#))######
....######(#.###.........
..#........#.............
....########.###.#.##.##.
##### #.# #.#.# #
#.###.#.# #)....#.#


You could see a wight.

Vanquished Creatures
  2 wights (D:3)
  A hound (D:3)
  An orc wizard (D:3)
  A worker ant zombie (D:2)
  An adder (D:2)
  2 gnolls (D:3)
  2 oozes
  An adder zombie (D:2)
  An adder skeleton (D:2)
  2 dart slugs
  2 leopard geckos (D:2)
  4 orcs (D:3)
  A bat skeleton (D:2)
  A bat zombie (D:2)
  A giant cockroach (D:1)
  6 goblins
  5 hobgoblins
  2 jackals (D:2)
  A quokka (D:2)
  2 ball python skeletons (D:2)
  7 bats
  3 frilled lizards (D:2)
  3 kobolds
  5 rats
57 creatures vanquished.

Notes
Turn   | Place    | Note
-------+----------+-------------------------------------------
     0 | D:1      | Fang the Gargoyle Berserker began the quest for the Orb.
     0 | D:1      | Reached XP level 1. HP: 14/14 MP: 1/1
   144 | D:1      | Reached XP level 2. HP: 18/19 MP: 2/2
   908 | D:2      | Reached XP level 3. HP: 15/23 MP: 3/3
  1202 | D:2      | Reached ** piety under Trog
  1355 | D:2      | Reached XP level 4. HP: 13/29 MP: 4/4
  1972 | D:3      | Reached skill level 4 in Fighting
  2214 | D:3      | Found a burning altar of Makhleb.
  2416 | D:3      | Reached XP level 5. HP: 32/33 MP: 5/5
  2778 | D:3      | Reached XP level 6. HP: 19/39 MP: 6/6
  2786 | D:3      | Slain by a wight

Levels and vault maps discovered:
D:1:      dpeg_arrival_water_altar, layout_basic
D:2:      layout_loops_ring, serial_undead, serial_undead_e, serial_undead_f,
          serial_undead_e, serial_undead_e, serial_undead_e, serial_undead_b
D:3:      layout_loops_ring, makhleb_heckhound_becter, uniq_sigmund,
          uniq_grinder

Skill      XL: |  1  2  3  4 |
---------------+-------------+-----
Axes           | 3 |  3.7
Dodging        | 2 |  2.8
Armour         | 3 |  3.8
Fighting       | 4 |  4.6

Action                   |  1- 3 |  4- 6 || total
-------------------------+-------+-------++-------
Melee: Hand axe          |   110 |   138 ||   248
Invok: Berserk           |       |     3 ||     3
  Eat: Chunk             |     2 |     6 ||     8
Armor: Animal skin       |    48 |    53 ||   101
       Leather armour    |       |     3 ||     3
Dodge: Dodged            |    79 |    96 ||   175
